Map: 2000 Atmospheres LE

Players

Solar - Winner!

  • Race: Zerg Zerg
  • League: Master

DRG

  • Race: Zerg Zerg
  • League: Master

Event: StayAtHome Story Cup #4

VOD

Have the link to the VOD?

Description

Time

  • Played on: Oct. 24, 2021, 8:56 a.m.
  • Length: 12:40

All games in this series

Show
View Real Time Build Order
Export as new Build Order

Solar Zerg - Winner!

Build Orders: Hatch First 

Get SALT Encoding   

  12  0:00  Drone  
  13  0:12  Overlord  
  13  0:16  Drone  
  14  0:30  Drone x2  
  16  0:47  Hatchery  
  15  0:50  Drone  
  15  0:54  Drone  
  18  0:57  Drone  
  18  1:08  Extractor  
  17  1:12  Spawning Pool  
  17  1:16  Drone  
  17  1:20  Drone  
  18  1:29  Drone  
  19  1:39  Drone  
  20  1:50  Drone  
  21  1:59  Queen x2  
  21  2:00  Overlord, Zergling x2  
  26  2:09  Drone  
  26  2:10  Drone  
  26  2:13  Metabolic Boost  
  28  2:20  Drone  
  28  2:21  Drone  
  30  2:34  Hatchery  
  30  2:35  Zergling x2  
  30  2:37  Drone  
  30  2:42  Baneling Nest  
  30  2:44  Drone  
  30  2:47  Drone  
  32  2:53  Overlord  
  32  2:55  Drone  
  33  3:03  Zergling x2  
  35  3:05  Drone  
  35  3:08  Drone  
  35  3:12  Zergling x10  
  41  3:17  Zergling x2  
  42  3:21  Overlord  
  42  3:26  Baneling x2  
  42  3:28  Drone  
  42  3:33  Drone  
  44  3:40  Evolution Chamber, Zergling x2  
  44  3:41  Drone x3  
  44  3:46  Drone, Queen, Zergling x2  
  51  3:50  Drone  
  51  3:52  Overlord  
  52  3:56  Drone x2  
  52  3:58  Drone  
  52  4:01  Drone  
  56  4:02  Drone  
  56  4:05  Baneling x2  
  55  4:12  Zergling x2  
  55  4:13  Roach Warren  
  55  4:16  Zergling x4  
  57  4:18  Zerg Missile Weapons Level 1  
  57  4:19  Drone  
  57  4:21  Drone  
  57  4:23  Drone  
  57  4:30  Drone x4  
  59  4:32  Drone  
  59  4:33  Drone  
  59  4:35  Overlord  
  59  4:40  Extractor  
  59  4:42  Extractor  
  59  4:43  Zergling x6  
  59  4:45  Overlord  
  60  4:49  Lair  
  60  4:50  Drone  
  61  4:54  Drone x3  
  64  5:03  Baneling x2  
  64  5:04  Overlord  
  64  5:05  Zergling x4  
  66  5:07  Drone x3  
  66  5:08  Extractor  
  66  5:12  Drone  
  69  5:15  Drone  
  69  5:17  Drone  
  69  5:19  Drone x3  
  74  5:22  Extractor  
  74  5:23  Overlord  
  72  5:33  Drone x6  
  72  5:34  Drone x2  
  79  5:39  Drone  
  79  5:41  Drone  
  81  5:46  Overlord  
  81  5:50  Glial Reconstitution  
  81  5:52  Drone  
  81  5:53  Drone  
  85  5:57  Drone x2  
  85  5:58  Drone x2  
  85  6:00  Queen, Extractor  
  87  6:09  Roach x5  
  87  6:10  Roach x2  
  87  6:11  Overlord  
  98  6:15  Roach x3  
  98  6:17  Overseer x2  
  104  6:19  Overlord  
  104  6:20  Overlord  
  103  6:26  Overlord  
  103  6:32  Evolution Chamber  
  101  6:33  Drone  
  101  6:37  Roach x5  
  113  6:40  Roach x3  
  113  6:42  Hatchery  
  113  6:43  Roach  
  113  6:46  Pneumatized Carapace  
  116  6:47  Zerg Missile Weapons Level 2  
  116  6:49  Baneling  
  116  6:50  Baneling x2  
  116  6:54  Roach x3  
  122  7:00  Drone  
  123  7:01  Zerg Ground Armor Level 1  
  123  7:05  Spore Crawler  
  123  7:07  Roach  
  123  7:08  Roach x2  
  128  7:10  Overlord  
  128  7:15  Drone  
  128  7:16  Spore Crawler  
  128  7:17  Roach x3  
  128  7:20  Spore Crawler  
  128  7:22  Roach x3  
  138  7:27  Overlord  
  138  7:30  Roach x4  
  146  7:38  Spore Crawler, Hydralisk Den  
  146  7:39  Overlord  
  146  7:42  Drone  
  144  7:44  Drone x2  
  144  7:48  Drone, Overlord  
  144  7:50  Drone  
  146  7:53  Drone  
  146  7:56  Roach x3  
  151  8:03  Overlord  
  149  8:06  Hydralisk x5  
  149  8:12  Grooved Spines  
  157  8:13  Spore Crawler  
  157  8:14  Overlord  
  157  8:16  Ravager x5  
  157  8:18  Overlord  
  161  8:21  Overlord  
  161  8:23  Ravager  
  161  8:25  Roach x2  
  166  8:29  Roach  
  166  8:33  Roach x4  
  176  8:39  Hydralisk x3  
  176  8:45  Roach  
  176  8:46  Roach x2  
  176  8:47  Roach  
  182  8:53  Roach x3  
  188  9:00  Hydralisk  
  190  9:03  Roach  
  190  9:04  Overlord  
  190  9:06  Overlord  
  190  9:07  Overlord  
  192  9:11  Overlord  
  192  9:15  Roach x5  
  178  9:18  Roach  
  178  9:22  Burrow  
  178  9:23  Muscular Augments, Extractor  
  177  9:29  Drone x3, Queen  
  177  9:31  Tunneling Claws  
  182  9:32  Roach x3  
  182  9:36  Roach  
  190  9:38  Roach  
  190  9:39  Roach  
  190  9:42  Roach x2  
  198  9:46  Roach  
  200  9:54  Zerg Ground Armor Level 2, Overlord  
  200  9:56  Overlord  
  200  9:57  Overlord  
  200  9:58  Overlord  
  200  10:02  Overlord  
  200  10:11  Overlord  
  200  10:21  Roach  
  200  10:25  Infestation Pit, Drone  
  200  10:26  Lurker Den, Extractor  
  198  10:34  Roach x4  
  200  10:50  Hatchery  
  200  10:53  Roach x2  
  197  11:00  Roach  
  197  11:01  Roach  
  197  11:02  Roach  
  195  11:09  Roach x2  
  193  11:20  Roach x3  
  193  11:22  Roach  
  193  11:23  Roach x3  
  197  11:25  Hive  
  197  11:26  Roach  
  197  11:27  Roach  
  197  11:28  Roach  
  187  11:40  Roach x7  
  187  11:43  Roach x8  
  187  11:44  Roach x5  
  193  11:50  Roach x12  
  193  11:51  Roach x3  
  193  11:53  Overseer x3  
  193  11:54  Overseer  
  185  11:56  Hydralisk  
  185  12:01  Hydralisk x3  
  187  12:04  Ravager  
  187  12:05  Ravager x3  
  187  12:06  Roach  
Show
View Real Time Build Order
Export as new Build Order

DRG Zerg 

Build Orders: Hatch First, Lurkers 

Get SALT Encoding   

  12  0:00  Drone  
  13  0:11  Overlord  
  13  0:16  Drone  
  14  0:30  Drone x2  
  16  0:46  Hatchery  
  15  0:50  Drone  
  15  0:53  Drone  
  17  0:57  Drone  
  18  1:08  Extractor  
  17  1:12  Spawning Pool  
  17  1:15  Drone  
  18  1:18  Drone  
  18  1:28  Drone  
  19  1:38  Drone  
  20  1:49  Drone  
  21  1:58  Queen x2  
  21  1:59  Overlord  
  21  2:00  Zergling x2  
  26  2:10  Drone x2  
  26  2:11  Metabolic Boost  
  28  2:20  Drone  
  28  2:21  Drone  
  30  2:32  Hatchery  
  30  2:34  Drone  
  30  2:36  Drone  
  33  2:45  Queen  
  33  2:50  Baneling Nest  
  32  2:52  Overlord  
  32  2:56  Drone  
  32  2:58  Drone  
  34  3:00  Zergling x2  
  34  3:05  Zergling x2  
  36  3:11  Drone x4  
  40  3:13  Drone  
  40  3:17  Overlord  
  41  3:20  Drone  
  41  3:25  Drone x2  
  44  3:35  Drone x2  
  44  3:36  Baneling x4  
  44  3:39  Zergling x6  
  49  3:44  Zergling x4  
  49  3:45  Zergling x2  
  49  3:47  Evolution Chamber  
  51  3:55  Drone x3  
  54  3:56  Drone x2  
  54  3:59  Drone  
  56  4:06  Drone x2  
  56  4:08  Overlord  
  58  4:13  Zerg Missile Weapons Level 1  
  58  4:15  Overlord  
  58  4:22  Overlord  
  58  4:24  Drone x2  
  58  4:27  Drone  
  58  4:30  Drone  
  60  4:31  Drone x2  
  60  4:33  Queen  
  60  4:35  Lair  
  60  4:37  Extractor  
  60  4:38  Zergling x2, Extractor  
  60  4:39  Zergling x4  
  60  4:40  Roach Warren  
  60  4:43  Drone x3  
  60  4:44  Drone  
  60  4:45  Drone  
  67  4:47  Drone x2  
  67  4:51  Zergling x2  
  70  4:54  Overlord  
  70  5:01  Drone x5  
  70  5:03  Extractor x2  
  70  5:04  Extractor  
  72  5:07  Drone  
  72  5:08  Overlord  
  72  5:10  Drone  
  74  5:17  Drone x6  
  74  5:20  Drone, Pneumatized Carapace  
  81  5:23  Zergling x2  
  81  5:26  Roach  
  84  5:30  Drone  
  84  5:32  Drone  
  84  5:33  Drone x2  
  88  5:38  Overlord, Spire  
  88  5:39  Zergling x2  
  87  5:44  Zergling x6  
  90  5:52  Hatchery  
  90  5:56  Roach x5  
  97  5:58  Roach x2  
  97  6:00  Roach  
  97  6:02  Roach  
  102  6:04  Roach  
  102  6:06  Roach  
  102  6:09  Overlord  
  102  6:11  Overlord  
  104  6:12  Overlord  
  104  6:13  Zerg Missile Weapons Level 2  
  104  6:15  Glial Reconstitution  
  103  6:23  Roach  
  104  6:28  Overlord x2  
  104  6:29  Roach x4  
  111  6:38  Overlord  
  110  6:40  Overseer  
  110  6:44  Overlord  
  110  6:45  Overlord x2  
  110  6:46  Overlord  
  110  6:52  Mutalisk x5  
  110  6:53  Mutalisk  
  120  6:57  Roach  
  120  7:01  Roach x3  
  130  7:02  Overlord  
  130  7:04  Roach x2  
  134  7:09  Overlord  
  134  7:11  Drone  
  134  7:12  Drone x3  
  138  7:19  Roach x3  
  138  7:20  Extractor  
  143  7:23  Roach  
  143  7:24  Roach x3  
  143  7:26  Overlord  
  143  7:28  Roach  
  153  7:31  Roach x3  
  153  7:35  Roach x2  
  153  7:36  Ravager x2  
  162  7:46  Roach x6  
  174  7:52  Roach x2  
  174  7:53  Roach x2  
  182  7:59  Roach x4  
  190  8:15  Roach  
  190  8:16  Roach x4  
  200  8:28  Infestation Pit  
  200  8:30  Hydralisk Den  
  200  8:32  Roach  
  200  8:35  Spine Crawler  
  181  8:44  Roach x9, Extractor  
  181  8:47  Roach  
  191  8:53  Ravager x3  
  194  8:59  Roach  
  194  9:03  Lurker Den  
  194  9:05  Roach x4  
  194  9:09  Drone x6  
  200  9:15  Ravager x4  
  190  9:20  Ravager x4  
  190  9:22  Roach x4  
  190  9:32  Hive  
  190  9:38  Roach x5  
  198  10:03  Hydralisk  
  198  10:06  Zerg Ground Armor Level 1  
  200  10:11  Evolution Chamber  
  199  10:26  Hydralisk  
  199  10:30  Spine Crawler  
  196  10:46  Hydralisk, Seismic Spines  
  196  10:47  Hydralisk  
  200  11:01  Overseer  
  192  11:05  Hydralisk  
  192  11:06  Nydus Network, Hydralisk  
  192  11:07  Hydralisk x2  
  192  11:08  Lurker x2  
  192  11:13  Hydralisk x2  
  192  11:14  Drone  
  192  11:15  Overseer, Drone x3  
  192  11:16  Overseer  
  197  11:23  Lurker x2  
  174  11:28  Hydralisk  
  174  11:32  Hydralisk x4  
  167  11:36  Lurker x2  
  167  11:37  Lurker x2  
  157  11:41  Roach  
  157  11:42  Roach x3  
  157  11:43  Adaptive Talons  
  157  11:46  Drone  
  157  11:47  Drone x2  
  132  11:50  Roach x7  
  118  11:54  Nydus Canal  
  116  12:02  Lurker  
  117  12:09  Lurker  
  116  12:36  Extractor  
Tags
 
Add a new tag
Caveats
  • Supply blocks, unpowered buildings, or Contaminate may cause inaccurate times.
  • Supply counts are checked every 10 seconds.